 Dungeon Crawl Stone Soup version 0.21-a0-504-g2eda330 (webtiles) character file.

117 4thArraOfDagon the Firebug (level 5, -4/36 HPs)
             Began as a Barachi Fire Elementalist on Nov 25, 2017.
             Slain by Prince Ribbit (8 damage)
             ... on level 7 of the Dungeon.
             The game lasted 00:04:01 (664 turns).

4thArraOfDagon the Firebug (BaFE)                    Turns: 664, Time: 00:04:02

Health: -4/36      AC:  3    Str: 11    XL:     5   Next: 1%
Magic:  1/9        EV: 12    Int: 16    God:
Gold:   32         SH:  0    Dex: 13    Spells: 1/9 levels left

rFire    . . .     SeeInvis .   g - staff of air
rCold    . . .     Gourm    .   (no shield)
rNeg     . . .     Faith    .   a - +0 robe
rPois    .         Spirit   .   (no helmet)
rElec    +         Reflect  .   (no cloak)
rCorr    .         Harm     .   (no gloves)
MR       .....                  (no boots)
Stlth    ++........             (no amulet)
HPRegen  0.12/turn              (no ring)
MPRegen  0.11/turn              (no ring)

@: can't hop, slow
A: +LOS, swims, rugged brown scales 1, slowness 1, strong 1, no potion heal 1,
strong legs 1
a: Hop


You were on level 7 of the Dungeon.
You were not hungry.

You visited 1 branch of the dungeon, and saw 7 of its levels.

You collected 32 gold pieces.

Inventory:

Armour
 a - a +0 robe (worn)
Magical Staves
 g - an uncursed staff of air (weapon)
 j - an uncursed staff of summoning {!a}
Scrolls
 e - a scroll of enchant armour
Potions
 d - a potion of haste {unknown}
 f - 3 potions of invisibility {unknown}
 h - a potion of heal wounds {unknown}
 i - a potion of curing {unknown}
 l - a potion of agility
Books
 b - a book of Flames

   Spells                             Type                      Level
   a - Flame Tongue                   Conjuration/Fire             1
   b - Throw Flame                    Conjuration/Fire             2
   c - Conjure Flame                  Conjuration/Fire             3
   d - Inner Flame                    Hexes/Fire                   3
   e - Sticky Flame                   Conjuration/Fire             4
   f - Fireball                       Conjuration/Fire             5
Comestibles
 c - a bread ration
 k - 2 meat rations
 m - a royal jelly


   Skills:
 - Level 2.1 Dodging
 - Level 1.7 Stealth
 + Level 2.9 Spellcasting
 * Level 3.2 Conjurations
 * Level 4.6 Fire Magic


You had one spell level left.
You knew the following spells:

 Your Spells              Type           Power        Failure   Level  Hunger
a - Flame Tongue          Conj/Fire      ##...        3%          1    #......
b - Conjure Flame         Conj/Fire      ##......     11%         3    ###....
c - Sticky Flame          Conj/Fire      ##......     36%         4    #####..


Dungeon Overview and Level Annotations

Branches:
Dungeon (7/15)
 Temple: D:4-7

Altars:

Annotations:
D:4 Robin
D:7 Prince Ribbit


Innate Abilities, Weirdness & Mutations

Shadows flee at your approach. (+LOS)
You can swim through water.
You cover ground slowly.
You can hop short distances.
You are partially covered in rugged brown scales. (AC +1, +3% HP)
Your muscles are strong. (Str +2)
Potions are less effective at restoring your health.


Message History

Boing!
Prince Ribbit burns!
Unknown command.
Casting: Flame Tongue
Confirm with . or Enter, or press ? or * to list all spells.
Aiming: Flame Tongue
Press: ? - help, Shift-Dir - straight line, f - Prince Ribbit
Aim: Prince Ribbit (sparse dust, severely wounded, covered in liquid flames)
The flame tongue hits Prince Ribbit.
Prince Ribbit is almost dead.
Prince Ribbit burns!
Prince Ribbit stops burning.
Prince Ribbit mumbles some strange words.
Prince Ribbit looks slightly unstable.
Unknown command.
Casting: Flame Tongue
Confirm with . or Enter, or press ? or * to list all spells.
Aiming: Flame Tongue
Press: ? - help, Shift-Dir - straight line, f/p - Prince Ribbit
Aim: Prince Ribbit (almost dead)
The flame tongue misses Prince Ribbit.
Prince Ribbit hits you!
You die...

############
#.....>....#
#..........#
#..........#
#..........#
#.......@F.#
#..........#
#########...#
##.... ......
.......
###.....
.#..# ..#.


You could see Prince Ribbit.

Vanquished Creatures
  A crimson imp (D:5)
  A hound (D:5)
  An iguana (D:5)
  A shadow imp (D:6)
  An adder skeleton (D:5)
  A leopard gecko (D:5)
  2 giant cockroaches
  3 hobgoblins
  2 bats
  A frilled lizard (D:5)
  4 kobolds
18 creatures vanquished.

Notes
Turn   | Place    | Note
-------+----------+-------------------------------------------
     0 | D:1      | 4thArraOfDagon the Barachi Fire Elementalist began the quest for the Orb.
     0 | D:1      | Reached XP level 1. HP: 13/13 MP: 3/3
   150 | D:3      | Reached XP level 2. HP: 19/19 MP: 1/5
   198 | D:4      | Noticed an ogre
   253 | D:4      | Noticed an ogre
   291 | D:4      | Noticed Robin
   293 | D:5      | Entered Level 5 of the Dungeon
   390 | D:5      | Reached XP level 3. HP: 13/24 MP: 0/6
   396 | D:5      | Learned a level 3 spell: Conjure Flame
   453 | D:5      | Gained mutation: Potions are less effective at restoring your health. [potion of mutation]
   453 | D:5      | Gained mutation: Your muscles are strong. (Str +2) [potion of mutation]
   453 | D:5      | Gained mutation: You are partially covered in rugged brown scales. (AC +1, +3% HP) [potion of mutation]
   464 | D:5      | Reached skill level 4 in Fire Magic
   464 | D:5      | Reached XP level 4. HP: 23/30 MP: 1/8
   497 | D:5      | Learned a level 4 spell: Sticky Flame
   559 | D:6      | ...
   571 | D:6      | Reached XP level 5. HP: 28/36 MP: 1/9
   633 | D:6      | ...
   658 | D:7      | Noticed Prince Ribbit
   664 | D:7      | Slain by Prince Ribbit

Vault maps used:
D:1:      scummos_arrival_forest, minmay_shallow_snake_nest
D:4:      kennysheep_nondescript, uniq_duvessa, uniq_robin
D:5:      first_bread
D:6:      serial_shops, kennysheep_little_box, uniq_blork_the_orc
D:7:      lemuel_round_altar, temple_green, grunt_decor_cap, uniq_prince_ribbit1

Skill      XL: |  1  2  3  4 |
---------------+-------------+-----
Conjurations   | 2 3 |  3.2
Fire Magic     | 4 |  4.6
Dodging        | |  2.1
Stealth        | |  1.7
Spellcasting   | |  2.9

Action                   |  1- 3 |  4- 6 || total
-------------------------+-------+-------++-------
Melee: Unarmed           |     6 |    12 ||    18
       Staff             |       |    18 ||    18
 Cast: Flame Tongue      |    26 |     8 ||    34
       Conjure Flame     |     1 |       ||     1
       Sticky Flame      |       |     2 ||     2
 Abil: Hop               |     3 |     1 ||     4
  Use: Potion            |     2 |       ||     2
       Scroll            |     1 |     1 ||     2
Armor: Robe              |     3 |     5 ||     8
       Skin              |     8 |     7 ||    15
Dodge: Dodged            |     9 |    17 ||    26

Table legend:
 A = Spawn XP
 B = Non-spawn XP
 C = Spawn XP percentage of total XP
 D = Spawn monster count
 E = Non-spawn monster count
 F = Spawn count percentage of total count
 G = Total turns spent on level
                    A         B        C        D         E        F      G
               +---------+---------+-------+---------+---------+-------+---------
         Total |       0 |     168 |   0.0 |       0 |      18 |   0.0 |   664
               +---------+---------+-------+---------+---------+-------+---------
           D:1 |       0 |       3 |   0.0 |       0 |       2 |   0.0 |    84
           D:2 |       0 |       5 |   0.0 |       0 |       3 |   0.0 |    54
           D:3 |       0 |       5 |   0.0 |       0 |       4 |   0.0 |    61
           D:4 |       0 |       2 |   0.0 |       0 |       1 |   0.0 |    94
           D:5 |       0 |     140 |   0.0 |       0 |       6 |   0.0 |   220
           D:6 |       0 |      13 |   0.0 |       0 |       2 |   0.0 |   145
               +---------+---------+-------+---------+---------+-------+---------
